 Dungeon Crawl Stone Soup version 0.29-a0-551-gffc1d7fb78 (webtiles) character file.

Game seed: 2068745575725117987

1 Hubjo the Chiller (level 1, 0/13 HPs)
             Began as a Demonspawn Wanderer on June 5, 2022.
             Frozen to death by an endoplasm (5 damage)
             ... on level 1 of the Dungeon.
             The game lasted 00:00:59 (28 turns).

Hubjo the Chiller (Demonspawn Wanderer)               Turns: 28, Time: 00:00:59

Health: 0/13       AC:  2    Str: 11    XL:     1   Next: 16%
Magic:  3/3        EV: 11    Int: 15    God:
Gold:   0          SH:  0    Dex: 11    Spells: 4/4 levels left

rFire   . . .      SeeInvis .   a - +0 club
rCold   . . .      Faith    .   (no shield)
rNeg    . . .      Spirit   .   d - +0 robe
rPois   .          Reflect  .   (no helmet)
rElec   .          Harm     .   (no cloak)
rCorr   .          Rampage  .   (no gloves)
Will    .....                   (no boots)
Stlth   +.........              (no amulet)
HPRegen 0.04/turn               (no ring)
MPRegen 0.08/turn               (no ring)

@: no status effects
A: no striking features
a: no special abilities


You were on level 1 of the Dungeon.
You visited 1 branch of the dungeon, and saw 1 of its levels.

Inventory:

Hand Weapons
 a - a +0 club (weapon)
Missiles
 c - 24 stones (quivered)
Armour
 d - a +0 robe (worn)
Wands
 e - a wand of flame (6)
Potions
 b - a potion of invisibility


   Skills:
 * Level 0.1 Fighting
 - Level 1.0 Dodging
 + Level 0.0 Stealth
 + Level 2.0 Spellcasting
 + Level 2.7 Ice Magic
 - Level 2.6 Earth Magic
 - Level 1.0 Evocations


You had 4 spell levels left.
You didn't know any spells.
Your spell library contained the following spells:

 Spells                   Type           Power      Damage    Failure   Level
 Freeze                   Ice            36%        1d6       8%          1
 Sandblast                Erth           18%        2d7       8%          1
 Ensorcelled Hibernation  Hex/Ice        10%        N/A       19%         2
 Stone Arrow              Conj/Erth      10%        3d7       36%         3
 Summon Ice Beast         Ice/Summ       5%         N/A       77%         4


Dungeon Overview and Level Annotations

Branches:
Dungeon (1/15)

Altars:


Message History

Okay, then.
Okay, then.
A kobold comes into view. It is wielding a +0 club.
The kobold shouts!
A bat comes into view.
The bat moves out of view.
A kobold is nearby!
A kobold is nearby!
A kobold is nearby!
Found 13 gold pieces.
An endoplasm comes into view.
The endoplasm quivers.
You hit the kobold but do no damage. The kobold barely misses you.
You barely miss the kobold. The kobold hits you but does no damage.
You hit the kobold but do no damage. The kobold hits you with a +0 club.
You closely miss the kobold. The kobold hits you with a +0 club.
The kobold barely misses you.
You hit the kobold.
You kill the kobold!
The bat closely misses you.
You barely miss the bat. The bat barely misses you. x2
You don't know any spells.
Okay, then.
You hit the bat.
The bat is moderately wounded.
The bat hits you but does no damage. The bat closely misses you.
The endoplasm freezes you.
You are frozen.
You are too injured to fight recklessly!
You are too injured to fight recklessly!
You are too injured to fight recklessly!
You are too injured to fight recklessly!
The endoplasm attacks as you move away! The endoplasm closely misses you.
The bat hits you.
You hit the endoplasm.
The endoplasm is severely wounded.
The bat barely misses you. x2
The endoplasm freezes you.
You are frozen.
You die...

###.#####.#
...
≈≈#.#≈≈≈#.#
.. .
S≈#.#≈≈≈#.#
.. ..
≈≈#.#≈≈S#.#
. ...
###.#####.#
.#....
..........#
###....$.
#######.##
#.)......
#.####J#
#....b@#
######...#
#.....#
#...#.#
#...# ..
#...# #.
#####


You could see an endoplasm and a bat.

Vanquished Creatures
  A kobold (D:1)
1 creature vanquished.

Notes
Turn   | Place    | Note
-------+----------+-------------------------------------------
     0 | D:1      | Hubjo the Demonspawn Wanderer began the quest for the Orb.
     0 | D:1      | Hubjo set off with the following items: a +0 club, a potion
                  | of invisibility, 24 stones, a +0 robe, a wand of flame (6);
                  | and the following spells available to memorise: Freeze,
                  | Sandblast, Ensorcelled Hibernation, Stone Arrow, Summon Ice
                  | Beast
     0 | D:1      | Reached XP level 1. HP: 13/13 MP: 3/3
     3 | D:1      | Noticed an electric eel
     4 | D:1      | Noticed an electric eel
    28 | D:1      | Frozen to death by an endoplasm

Illustrated notes

Levels and vault maps discovered:
D:1:      arrival_aquarium_b, layout_basic, ebering_ecumenical_altar_mist

Action                   || total
-------------------------++-------
Melee: Club              ||     8
Armor: Robe              ||     2
Dodge: Dodged            ||     9

Table legend: (Time is in decaauts)
 A = Elapsed time spent in this place.
 B = Non-inter-level travel time spent in this place.
 C = Inter-level travel time spent in this place.
 D = Time resting spent in this place.
 E = Time spent auto-exploring this place.
 F = Levels seen in this place.
 G = Mean time per level.
                   A        B        C        D        E       F      G
               +--------+--------+--------+--------+--------+-----+--------+
         Total |     30 |     30 |      0 |      0 |     17 |   1 |   30.0 |
       Dungeon |     30 |     30 |      0 |      0 |     17 |   1 |   30.0 |
               +--------+--------+--------+--------+--------+-----+--------+

Top non-repeatable levels by time:
     D:1: 30 daAuts
